 Dungeon Crawl Stone Soup version 0.29.0-11-gd7f09526c8 (webtiles) character file.

Game seed: 5708418332480458697

650 magipi the Chopper (level 7, -7/41 HPs)
             Began as a Gargoyle Fighter on Sept 6, 2022.
             Mangled by Duvessa
             ... wielding a +0 short sword
              (12 damage)
             ... on level 4 of the Dungeon.
             The game lasted 00:07:54 (2507 turns).

magipi the Chopper (Gargoyle Fighter)               Turns: 2507, Time: 00:07:55

Health: -7/41      AC: 17    Str: 20    XL:     7   Next: 53%
Magic:  7/7        EV:  7    Int:  8    God:
Gold:   162        SH:  4    Dex: 11    Spells: 6/6 levels left

rFire   . . .      SeeInvis .   a - +0 war axe
rCold   . . .      Faith    .   c - +0 buckler
rNeg    + . .      Spirit   .   f - +0 chain mail
rPois   ∞          Reflect  .   n - +0 helmet
rElec   +          Harm     .   l - +0 cloak
rCorr   .          Rampage  .   (no gloves)
Will    .....                   g - +0 pair of boots
Stlth   ..........              (no amulet)
HPRegen 0.13/turn               (no ring)
MPRegen 0.10/turn               (no ring)

@: mighty, lit by a corona, glowing
A: sickness immunity, AC +4, negative energy resistance 1, electricity
resistance, torment resistance 1, petrification resistance
a: no special abilities


You were on level 4 of the Dungeon.
You visited 1 branch of the dungeon, and saw 4 of its levels.

You collected 162 gold pieces.

Inventory:

Hand Weapons
 a - a +0 war axe (weapon)
Missiles
 q - 2 boomerangs (quivered)
Armour
 c - a +0 buckler (worn)
 f - a +0 chain mail (worn)
 g - a +0 pair of boots (worn)
 l - a +0 cloak (worn)
 n - a +0 helmet (worn)
Scrolls
 b - 3 scrolls of identify {unknown}
 e - 2 scrolls of amnesia {unknown}
 k - a scroll of noise {unknown}
 m - 2 scrolls of enchant armour {unknown}
 p - a scroll of blinking {unknown}
 r - a scroll of magic mapping {unknown}
Potions
 h - a potion of magic {unknown}
 i - a potion of berserk rage {unknown}
 j - a potion of lignification {unknown}
 o - a potion of brilliance {unknown}
 s - a potion of flight {unknown}


   Skills:
 - Level 3.2 Fighting
 + Level 7.5 Axes
 - Level 3.2 Armour
 - Level 3.2 Shields


You had 6 spell levels left.
You didn't know any spells.
Your spell library contained the following spells:

 Spells                   Type           Power      Damage    Failure   Level
 Foxfire                  Conj/Fire      0%         2x1d4     99%         1
 Slow                     Hex            0%         N/A       99%         1
 Blink                    Tloc           0%         N/A       100%        2
 Confusing Touch          Hex            0%         N/A       100%        3
 Conjure Flame            Conj/Fire      0%         6-21      100%        3
 Gell's Gravitas          Tloc           0%         N/A       100%        3
 Inner Flame              Hex/Fire       0%         N/A       100%        3
 Lesser Beckoning         Tloc           0%         N/A       100%        3
 Teleport Other           Tloc           0%         N/A       100%        3
 Vampiric Draining        Necr           0%         2d6       100%        3
 Flame Wave               Conj/Fire      0%         2d4       100%        4
 Manifold Assault         Tloc           0%         N/A       100%        5


Dungeon Overview and Level Annotations

Branches:
Dungeon (4/15)
 Temple: D:4-7

Altars:

Annotations:
D:4 Duvessa


Innate Abilities, Weirdness & Mutations

You are immune to sickness and miasma.
Your stone body is resilient. (AC +4)
You are immune to poison.
You resist negative energy. (rN+)
You are resistant to electric shocks. (rElec)
You are resistant to unholy torment.
You are immune to petrification.


Message History

Duvessa hits you but does no damage.
Dowan points at you and mumbles some strange words.
You are outlined in light.
The orc shouts!
You hit Duvessa.
Duvessa is lightly wounded.
You barely miss Dowan. Duvessa hits you but does no damage.
Dowan hits you but does no damage.
An orc comes into view. It is wielding a +0 whip.
Duvessa hits you with a +0 short sword.
You closely miss Duvessa.
Duvessa is lightly wounded.
The orc shouts!
You slash Dowan!
You kill Dowan!
Duvessa screams in rage.
Duvessa goes berserk!
Duvessa hits you with a +0 short sword.
You completely miss Duvessa.
Duvessa is lightly wounded.
Duvessa hits you but does no damage. Duvessa hits you with a +0 short sword.
Unknown command.
You aren't carrying any items that you can evoke.
Unknown command.
Unknown command.
Unknown command.
You feel very mighty all of a sudden. Duvessa hits you but does no damage.
Unknown command.
Unknown command.
You slash Duvessa!
Duvessa is moderately wounded.
Duvessa hits you with a +0 short sword!
* * * LOW HITPOINT WARNING * * *
Duvessa hits you but does no damage.
You closely miss Duvessa.
Duvessa is moderately wounded.
Duvessa hits you with a +0 short sword.
* * * LOW HITPOINT WARNING * * *
Duvessa hits you with a +0 short sword!
You die...

≈≈≈≈###.......# #.
.≈≈≈≈≈~....#.#### ...
~≈≈≈≈≈......# # .
..###~≈≈≈###...##### ..#
#..[#≈≈#...#....... ....
#.⌠.#≈≈#.⌠.#......#
....o#...#≈~#...#...####
#.oo###~..~###.....###
#.one@).........##...#
#.######.##...######.[
######## ###


You could see Duvessa (berserk), a necrophage and 4 orcs.

Vanquished Creatures
  Sigmund (D:4)
  Pargi (D:4)
  A scorpion (D:4)
  Dowan (D:4)
  A hound (D:4)
  A jelly (D:4)
  Jessica (D:3)
  2 iguanas (D:3)
  4 gnolls
  4 adders
  A worm (D:2)
  9 orcs
  7 ball pythons
  6 endoplasms
  A giant cockroach (D:2)
  8 goblins
  10 hobgoblins
  2 jackals (D:2)
  3 quokkas
  3 bats
  3 frilled lizards
  11 kobolds
  6 rats
87 creatures vanquished.

Notes
Turn   | Place    | Note
-------+----------+-------------------------------------------
     0 | D:1      | magipi the Gargoyle Fighter began the quest for the Orb.
     0 | D:1      | Reached XP level 1. HP: 14/14 MP: 1/1
    31 | D:1      | Reached skill level 2 in Axes
   105 | D:1      | Found a faded altar of an unknown god.
   244 | D:1      | Reached XP level 2. HP: 19/19 MP: 2/2
   333 | D:1      | Reached skill level 3 in Axes
   333 | D:1      | Reached XP level 3. HP: 23/23 MP: 3/3
   771 | D:2      | Reached XP level 4. HP: 27/28 MP: 4/4
   981 | D:2      | Reached skill level 4 in Axes
  1349 | D:3      | Reached XP level 5. HP: 32/32 MP: 5/5
  1477 | D:3      | Noticed Jessica
  1487 | D:3      | Killed Jessica
  1488 | D:3      | Reached skill level 5 in Axes
  1815 | D:4      | Noticed Pargi
  1883 | D:4      | Reached XP level 6. HP: 22/37 MP: 6/6
  2056 | D:4      | Killed Pargi
  2057 | D:4      | Reached skill level 6 in Axes
  2121 | D:4      | Noticed Sigmund
  2148 | D:4      | Killed Sigmund
  2149 | D:4      | Reached skill level 7 in Axes
  2149 | D:4      | Reached XP level 7. HP: 25/41 MP: 7/7
  2491 | D:4      | Noticed Dowan
  2492 | D:4      | Noticed Duvessa
  2503 | D:4      | Killed Dowan
  2507 | D:4      | Mangled by Duvessa

Illustrated notes

Levels and vault maps discovered:
D:1:      dpeg_arrival_water_fire, layout_basic,
          hellmonk_ecumenical_altar_arch_garden, interstate_on_off,
          minmay_misc_feat_doors
D:2:      layout_basic
D:3:      corexii_shack_village, layout_rooms, uniq_jessica
D:4:      layout_rooms, grunt_dithmenos_smoke_and_mirrors, fountainhead,
          uniq_duvessa, uniq_crazy_yiuf_cottage, uniq_pargi, uniq_sigmund

Skill      XL: |  1  2  3  4  5  6 |
---------------+-------------------+-----
Axes           | 2 3 4 5 7 |  7.5
Fighting       | |  3.2
Armour         | |  3.2
Shields        | |  3.2

Action                   |  1- 3 |  4- 6 |  7- 9 || total
-------------------------+-------+-------+-------++-------
Melee: War axe           |    59 |   194 |    26 ||   279
  Use: Potion            |       |     1 |     1 ||     2
Armor: Scale mail        |    14 |       |       ||    14
       Chain mail        |    28 |   145 |    21 ||   194
Dodge: Dodged            |    28 |    75 |     7 ||   110
Block: Buckler           |    13 |    41 |     5 ||    59
